[Event "Early Titled Tuesday Blitz | February 8 2022"]
[White "Schut, Han"]
[Black "Avazkhonov, Alikhon"]
[WhiteFideId "1005561"]
[BlackFideId "14208504"]
[WhiteElo "2057"]
[BlackElo "1739"]
[Result "0-1"]
[Round "09"]
[TimeControl "180+1"]
[Date "2022.02.08"]
[WhiteClock "0:00:01"]
[BlackClock "0:00:01"]

1. e4 c6 2. d4 d5 3. exd5 cxd5 4. c4 Nf6 5. Nc3 Nc6 6. Nf3 g6 7. cxd5 Nxd5 8. Qb3 Nxc3 9. bxc3 Bg7 10. d5 Na5 11. Bb5+ Bd7 12. Qb4 b6 13. Bd2 O-O 14. Rc1 Bxb5 15. Qxb5 Qd6 16. Qd3 Nb7 17. c4 Nc5 18. Qe2 e6 19. dxe6 Nxe6 20. O-O Rfe8 21. Rfe1 Rad8 22. Bc3 Bxc3 23. Rxc3 Ng7 24. Re3 Rxe3 25. Qxe3 Re8 26. Qc1 Rxe1+ 27. Qxe1 Ne6 28. Ne5 f6 29. Ng4 Kg7 30. Qc1 Nf4 31. Kh1 h5 32. Ne3 h4 33. h3 Kf7 34. Nd5 Nxd5 35. Qd2 Ke6 36. cxd5+ Qxd5 37. Qe2+ Qe5 38. Qa6 Qe1+ 39. Kh2 Qxf2 40. Qxa7 Qg3+ 41. Kh1 Qe1+ 42. Kh2 Qe5+ 43. Kh1 Qa5 44. Qb8 Kf5 45. Qb7 Qe1+ 46. Kh2 Qe5+ 47. Kh1 Qa1+ 48. Kh2 Qxa2 49. Qxb6 Qe6 50. Qf2+ Kg5 51. Kh1 Qe4 52. Qd2+ Qf4 53. Qe2 f5 0-1


[Site "https://www.chess.com"]

[Event "Early Titled Tuesday Blitz | February 8 2022"]
[White "Sharapov, Evgeny"]
[Black "Mosutha, Thuso"]
[WhiteFideId "14103133"]
[BlackFideId "11302550"]
[WhiteElo "2367"]
[BlackElo "2028"]
[Result "1-0"]
[Round "09"]
[TimeControl "180+1"]
[Date "2022.02.08"]
[WhiteClock "0:01:14"]
[BlackClock "0:01:02"]

1. e4 c5 2. Nf3 e6 3. d4 cxd4 4. Nxd4 d5 5. exd5 exd5 6. Bb5+ Bd7 7. O-O Nf6 8. Bxd7+ Qxd7 9. Nc3 Be7 10. Bg5 O-O 11. Qf3 Nc6 12. Nf5 d4 13. Nxe7+ Qxe7 14. Nd5 Qe5 15. Nxf6+ Kh8 16. Bh4 Ne7 17. Rfe1 Qc5 18. Nxh7 Ng6 19. Nxf8 Rxf8 20. Bg3 Qxc2 21. Rad1 Qxb2 22. Qe2 Qc3 23. Qd3 Qb2 24. Qxd4 Qxa2 25. h4 Qa5 26. Qd5 Qxd5 27. Rxd5 Ra8 28. Rd7 Kg8 29. h5 Nf8 30. Rxb7 Ne6 31. Rxe6 fxe6 32. Rb8+ Rxb8 33. Bxb8 a5 34. Kf1 a4 35. Bd6 Kf7 36. f4 Ke8 37. g4 Kd7 38. Be5 Kc6 39. Bxg7 a3 40. h6 1-0


[Site "https://www.chess.com"]

[Event "Early Titled Tuesday Blitz | February 8 2022"]
[White "Shevchenko, Kirill"]
[Black "Maurizzi, Marc`Andria"]
[WhiteFideId "14129574"]
[BlackFideId "36083534"]
[WhiteElo "2624"]
[BlackElo "2186"]
[Result "1-0"]
[Round "09"]
[TimeControl "180+1"]
[Date "2022.02.08"]
[WhiteClock "0:00:09"]
[BlackClock "0:00:33"]

1. e4 c5 2. Nc3 e6 3. Nf3 Nc6 4. Bb5 Nd4 5. Bd3 Nc6 6. O-O a6 7. Nd5 Nf6 8. Re1 Bd6 9. Ne3 Bc7 10. c3 O-O 11. Bc2 d5 12. exd5 exd5 13. d4 cxd4 14. Nxd4 Re8 15. Nf3 Qd6 16. h3 Bd7 17. Bd2 Ne4 18. Bb3 Be6 19. Qc2 Ne5 20. Nxe5 Qxe5 21. Nf1 Bf5 22. Be3 Re6 23. Bd4 Qd6 24. f3 Ng3 25. Qf2 Nxf1 26. Rxe6 Qh2+ 27. Kxf1 Bg3 28. Qg1 Bd3+ 29. Re2 Qxg1+ 30. Bxg1 Re8 31. Bd1 h5 32. Bf2 Bf4 33. Ke1 Bxe2 34. Bxe2 1-0


[Site "https://www.chess.com"]

[Event "Early Titled Tuesday Blitz | February 8 2022"]
[White "Shevtchenko, Olesya"]
[Black "Shuvalov, Evgenij"]
[WhiteFideId "24131890"]
[BlackFideId "4187237"]
[WhiteElo "2003"]
[BlackElo "2119"]
[Result "0-1"]
[Round "09"]
[TimeControl "180+1"]
[Date "2022.02.08"]
[WhiteClock "0:00:14"]
[BlackClock "0:00:46"]

1. e4 e6 2. d4 d5 3. Nc3 Bb4 4. e5 c5 5. a3 Bxc3+ 6. bxc3 Ne7 7. h4 Qc7 8. Rb1 Nbc6 9. h5 h6 10. Qg4 Bd7 11. Qxg7 Rg8 12. Qxh6 cxd4 13. Nf3 dxc3 14. Qf4 O-O-O 15. Bd3 Rxg2 16. h6 Ng6 17. Bxg6 Rxg6 18. Qxf7 Nxe5 19. Nxe5 Qxe5+ 20. Kf1 Qe4 21. Rh3 Qg2+ 22. Ke2 e5 23. Rxc3+ Kb8 24. Rf3 Qg4 25. h7 e4 26. Qf4+ Ka8 27. Qc7 Qxf3+ 28. Kd2 Qxf2+ 29. Kc3 Rc6+ 30. Qxc6 Bxc6 0-1


[Site "https://www.chess.com"]

[Event "Early Titled Tuesday Blitz | February 8 2022"]
[White "Shkapenko, Pavel"]
[Black "Silich, Yahor"]
[WhiteFideId "4151933"]
[BlackFideId "13513656"]
[WhiteElo "2386"]
[BlackElo "2101"]
[Result "1-0"]
[Round "09"]
[TimeControl "180+1"]
[Date "2022.02.08"]
[WhiteClock "0:00:48"]
[BlackClock "0:00:16"]

1. e4 c5 2. c3 d5 3. exd5 Qxd5 4. d4 e6 5. Nf3 Nf6 6. Be2 Be7 7. O-O Nc6 8. c4 Qd8 9. dxc5 O-O 10. a3 a5 11. Be3 Ng4 12. Bf4 Bxc5 13. Nc3 Qe7 14. Ne4 Rd8 15. Qc2 Ba7 16. h3 Nf6 17. Bg5 Nd4 18. Nxd4 Bxd4 19. Rad1 b6 20. Nxf6+ Bxf6 21. Rxd8+ Qxd8 22. Rd1 Qe7 23. Bxf6 Qxf6 24. Qc3 Bb7 25. Qxf6 gxf6 26. Rd6 Kf8 27. Rxb6 Be4 28. c5 Ke7 29. f3 Bd5 30. Bd3 a4 31. Kf2 Rc8 32. Rb5 Bb3 33. Ke3 f5 34. g4 fxg4 35. hxg4 h6 36. Be4 Kf6 37. Kd4 Rd8+ 38. Kc3 Rd1 39. c6 Rc1+ 40. Kb4 Rc4+ 41. Ka5 Ke7 42. Rb7+ Kd8 43. Rxf7 e5 44. Rh7 1-0


[Site "https://www.chess.com"]

[Event "Early Titled Tuesday Blitz | February 8 2022"]
[White "Shtyka, Sergey"]
[Black "Golubka, Petro"]
[WhiteFideId "4138465"]
[BlackFideId "14114224"]
[WhiteElo "2014"]
[BlackElo "2392"]
[Result "0-1"]
[Round "09"]
[TimeControl "180+1"]
[Date "2022.02.08"]
[WhiteClock "0:00:51"]
[BlackClock "0:01:28"]

1. e4 c5 2. Nf3 Nc6 3. d4 cxd4 4. Nxd4 Nf6 5. Nc3 d6 6. Bc4 e6 7. O-O Be7 8. Be3 O-O 9. f4 a6 10. Bd3 Nb4 11. Qf3 Nxd3 12. cxd3 e5 13. Nf5 Bxf5 14. exf5 Qd7 15. g4 d5 16. fxe5 d4 17. exf6 Bxf6 18. Ne4 dxe3 19. Nxf6+ gxf6 20. Qxe3 Rfe8 21. Qf3 Rad8 22. Rae1 Qd4+ 23. Kh1 Qxb2 24. Rb1 Qxa2 25. Rxb7 Re2 26. Qf4 Rxd3 27. Rb8+ Kg7 28. g5 Qd5+ 0-1


[Site "https://www.chess.com"]

[Event "Early Titled Tuesday Blitz | February 8 2022"]
[White "Shukhman, Anna"]
[Black "Srebrnic, Marko"]
[WhiteFideId "54180058"]
[BlackFideId "14603616"]
[WhiteElo "1628"]
[BlackElo "2340"]
[Result "1-0"]
[Round "09"]
[TimeControl "180+1"]
[Date "2022.02.08"]
[WhiteClock "0:00:14"]
[BlackClock "0:00:08"]

1. e4 c5 2. Nf3 Nc6 3. Bb5 g6 4. O-O Bg7 5. c3 Nf6 6. Re1 O-O 7. d4 cxd4 8. cxd4 d5 9. e5 Ne4 10. Nc3 Qb6 11. Bxc6 Nxc3 12. bxc3 bxc6 13. Ba3 Re8 14. Rb1 Qa6 15. Qb3 Bf5 16. Rb2 Bh6 17. Bc5 Bd3 18. e6 f6 19. Qb7 Bf4 20. g3 Rab8 21. Qxa6 Bxa6 22. Rxb8 Bxb8 23. Rb1 Kf8 24. g4 Bd6 25. Bxa7 Ra8 26. Bc5 Bxc5 27. dxc5 Bd3 28. Rb2 Bc4 29. Nd4 Ra6 30. Rb8+ Kg7 31. Re8 f5 32. Rxe7+ Kf6 33. Rf7+ Kg5 34. e7 Rxa2 35. e8=Q Ra1+ 36. Kg2 Bf1+ 37. Kg3 f4+ 38. Rxf4 1-0


[Site "https://www.chess.com"]

[Event "Early Titled Tuesday Blitz | February 8 2022"]
[White "Shuvalova, Polina"]
[Black "Jakubowski, Krzysztof"]
[WhiteFideId "24171760"]
[BlackFideId "1112848"]
[WhiteElo "2355"]
[BlackElo "2365"]
[Result "1-0"]
[Round "09"]
[TimeControl "180+1"]
[Date "2022.02.08"]
[WhiteClock "0:00:10"]
[BlackClock "0:00:02"]

1. e4 c5 2. Nf3 e6 3. d4 cxd4 4. Nxd4 Nc6 5. Nc3 Qc7 6. g3 a6 7. Bg2 d6 8. O-O Bd7 9. Be3 Nf6 10. Qe2 Be7 11. Rad1 b5 12. Nxc6 Bxc6 13. Bd4 O-O 14. a3 Qb7 15. Rfe1 Rac8 16. Bxf6 gxf6 17. Nd5 Kh8 18. Nxe7 Qxe7 19. Rd3 Rfd8 20. Red1 Rd7 21. Rc3 Qd8 22. Qe3 Bb7 23. Rxc8 Bxc8 24. Rd3 Kg7 25. h4 Bb7 26. Qd4 Qc7 27. Rc3 Qd8 28. Rf3 h6 29. Rd3 Kf8 30. Qe3 Kg7 31. Qd4 Kf8 32. a4 bxa4 33. Qxa4 Kg7 34. Qd4 d5 35. e5 f5 36. Rb3 Qc8 37. c3 Rc7 38. Bf1 Bc6 39. Rb4 a5 40. Rb6 Bd7 41. Ba6 Qa8 42. Bf1 a4 43. Qb4 Qd8 44. Rd6 Qc8 45. Qb6 Be8 46. Qd4 Rb7 47. Ba6 Qb8 48. Bxb7 Qxb7 49. Qb6 Qc8 50. Qd8 Qc4 51. Qf6+ Kh7 52. Rd8 Qb5 53. Qe7 a3 54. Qxa3 Qe2 55. Rxe8 Qe1+ 56. Kg2 Qe4+ 57. Kh2 f4 58. Qc5 fxg3+ 59. Kxg3 Qg6+ 60. Kf3 Qe4+ 61. Kg3 Qg6+ 62. Kh2 Qg4 63. Qd4 1-0


[Site "https://www.chess.com"]

[Event "Early Titled Tuesday Blitz | February 8 2022"]
[White "Shyaamnikhil P"]
[Black "Zubov, Alexander"]
[WhiteFideId "5024218"]
[BlackFideId "14109409"]
[WhiteElo "2292"]
[BlackElo "2685"]
[Result "1/2-1/2"]
[Round "09"]
[TimeControl "180+1"]
[Date "2022.02.08"]
[WhiteClock "0:00:04"]
[BlackClock "0:00:06"]

1. d4 Nf6 2. Nf3 g6 3. g3 Bg7 4. Bg2 d5 5. O-O c6 6. c3 O-O 7. a4 Na6 8. Na3 Bf5 9. Nc2 Be4 10. Nce1 c5 11. Nd3 Nd7 12. a5 Qc8 13. Be3 Rd8 14. b4 c4 15. Nc5 Naxc5 16. bxc5 b6 17. cxb6 axb6 18. axb6 Nxb6 19. Qd2 Qb7 20. Bh6 Rxa1 21. Rxa1 Ra8 22. Rc1 Ra3 23. Bxg7 Kxg7 24. Ne5 f6 25. Ng4 Bxg2 26. Kxg2 Na4 27. Qe3 Qd7 28. h3 Rb3 29. Rc2 Kg8 30. Nh6+ Kf8 31. Ng4 g5 32. Nh2 Qf5 33. Qd2 h5 34. f3 Kf7 35. g4 Qg6 36. Nf1 hxg4 37. hxg4 e6 38. Ne3 Qg8 39. Qc1 Qb8 40. Nd1 Rb1 41. Qd2 Qb3 42. Rc1 Rxc1 43. Qxc1 Kg6 44. Kf2 f5 45. Qd2 Kf6 46. Qc1 Kg6 47. Qd2 Kf6 48. Qc1 Qb8 49. Kg2 Nb6 50. Qc2 Qd6 51. Nf2 Nd7 52. Nh3 Nf8 53. Qd2 f4 54. Qc2 Ng6 55. Nf2 Qd7 56. Kg1 Qa7 57. Qb1 Qa3 58. Nd1 Qb3 59. Qc1 e5 60. dxe5+ Nxe5 61. Qd2 Ke6 62. Kf2 Kd6 63. Ke1 Qb1 64. Qd4 Qb7 65. Kf2 Ke6 66. Kg2 Qh7 67. Nf2 Qc2 68. Kf1 Qc1+ 69. Kg2 Qb2 70. Kf1 Qb1+ 71. Kg2 Qh7 72. Nh3 Qg6 73. Kf2 Qf6 74. Kg2 Nd7 75. Qxf6+ Kxf6 76. Kf2 Nc5 77. Ke1 Nb3 78. Kd1 d4 79. cxd4 Nxd4 80. Nf2 Kg6 81. Ne4 Nc6 82. Kd2 Nd4 83. Kd1 Nc6 84. Kd2 Nd4 85. Kc3 Nxe2+ 86. Kxc4 Ng1 87. Nd2 Kf6 88. Kd5 Ne2 89. Kd6 Nd4 90. Kd5 Ne2 91. Kd6 Nd4 92. Kd5 Ne2 1/2-1/2


[Site "https://www.chess.com"]

[Event "Early Titled Tuesday Blitz | February 8 2022"]
[White "Stankovic, Ivan G"]
[Black "Petesch, Gabriel"]
[WhiteFideId "902837"]
[BlackFideId "2032465"]
[WhiteElo "2195"]
[BlackElo "2374"]
[Result "0-1"]
[Round "09"]
[TimeControl "180+1"]
[Date "2022.02.08"]
[WhiteClock "0:00:12"]
[BlackClock "0:00:04"]

1. e4 c6 2. d3 d5 3. Nd2 Nf6 4. Ngf3 g6 5. g3 Bg7 6. Bg2 O-O 7. O-O Nbd7 8. Re1 e5 9. c3 Re8 10. Qc2 Qc7 11. Nf1 dxe4 12. dxe4 Nf8 13. Ne3 Be6 14. b3 a5 15. Ba3 a4 16. Ng5 Qb6 17. Nxe6 Nxe6 18. Nc4 Qa6 19. Nxe5 Qa5 20. Nc4 Qh5 21. Qe2 Qh6 22. Nd6 Reb8 23. Bc1 Qh5 24. Bf3 Qe5 25. Nc4 Qc7 26. Bd2 Nd7 27. Bg4 b5 28. Bxe6 fxe6 29. Ne3 Rf8 30. Rab1 axb3 31. axb3 Ra2 32. Ra1 Rb2 33. Reb1 Bxc3 34. Rxb2 Bxb2 35. Rd1 Bd4 36. Bb4 c5 37. Qxb5 Rb8 38. Qd3 Rxb4 39. Nc2 Ne5 40. Qd2 Nf3+ 41. Kg2 Nxd2 42. Rxd2 Rxb3 0-1


[Site "https://www.chess.com"]

[Event "Early Titled Tuesday Blitz | February 8 2022"]
[White "Stefanov, Plamen"]
[Black "Berezin, Viktor"]
[WhiteFideId "2900980"]
[BlackFideId "14107872"]
[WhiteElo "2137"]
[BlackElo "2310"]
[Result "1-0"]
[Round "09"]
[TimeControl "180+1"]
[Date "2022.02.08"]
[WhiteClock "0:01:15"]
[BlackClock "0:00:03"]

1. e4 d5 2. exd5 Nf6 3. Nc3 g6 4. Bc4 Bg7 5. Nf3 O-O 6. O-O a6 7. Bb3 b5 8. Re1 Bb7 9. Qe2 Re8 10. Ng5 Nxd5 11. Nxf7 Qd7 12. Nxd5 Bxd5 13. Ne5 Qd6 14. d4 e6 15. c3 c5 16. dxc5 Qxc5 17. Be3 Qe7 18. Bd4 Nd7 19. Nxg6 Qf7 20. Ne5 Nxe5 21. Bxe5 Bxb3 22. axb3 Qg6 23. Bxg7 Qxg7 24. Qe5 Qg6 25. Re3 Kf7 26. Rf3+ Ke7 27. Qc7# 1-0


[Site "https://www.chess.com"]

[Event "Early Titled Tuesday Blitz | February 8 2022"]
[White "Tay, Junior"]
[Black "Goldin, Roman"]
[WhiteFideId "5800439"]
[BlackFideId "2803860"]
[WhiteElo "2216"]
[BlackElo "2312"]
[Result "1-0"]
[Round "09"]
[TimeControl "180+1"]
[Date "2022.02.08"]
[WhiteClock "0:00:48"]
[BlackClock "0:00:46"]

1. Nc3 e5 2. e4 Nf6 3. f4 d5 4. fxe5 Nxe4 5. Nf3 Bg4 6. d4 Bb4 7. Bd2 Bxc3 8. bxc3 Nc6 9. Bd3 O-O 10. O-O f6 11. exf6 Qxf6 12. h3 Bh5 13. g4 Bg6 14. Ng5 Qd6 15. Nxe4 dxe4 16. Bc4+ Kh8 17. Qe2 Ne7 18. Rxf8+ Rxf8 19. Rf1 Rf6 20. Rxf6 gxf6 21. Qf2 Kg7 22. Qf4 Qa3 23. Qh6+ Kh8 24. Qf8+ 1-0


[Site "https://www.chess.com"]

[Event "Early Titled Tuesday Blitz | February 8 2022"]
[White "Terletsky, Oleg"]
[Black "Vivas Zamora, Fabian Ernesto"]
[WhiteFideId "14116774"]
[BlackFideId "3902480"]
[WhiteElo "2050"]
[BlackElo "1966"]
[Result "0-1"]
[Round "09"]
[TimeControl "180+1"]
[Date "2022.02.08"]
[WhiteClock "0:01:35"]
[BlackClock "0:01:52"]

1. e4 e5 2. Nf3 Nc6 3. Nc3 Nf6 4. d4 exd4 5. Nxd4 Bb4 6. Nxc6 bxc6 7. Bd3 d5 8. exd5 O-O 9. O-O Bg4 10. f3 Bh5 11. dxc6 Qd4+ 12. Kh1 Bxc3 13. bxc3 Qxc3 14. Bf4 Qxc6 15. Qe2 Rfe8 16. Bb5 Rxe2 17. Bxc6 Rb8 18. Rab1 Rb6 19. Bxc7 Rxc6 20. Rb7 Rcxc2 21. g4 Bg6 22. g5 Ne8 23. Bg3 Rxa2 24. Rd1 h5 25. gxh6 gxh6 0-1


[Site "https://www.chess.com"]

[Event "Early Titled Tuesday Blitz | February 8 2022"]
[White "Thomas, Anysia"]
[Black "Heinemann, Josefine"]
[WhiteFideId "670472"]
[BlackFideId "12900460"]
[WhiteElo "2002"]
[BlackElo "2300"]
[Result "1-0"]
[Round "09"]
[TimeControl "180+1"]
[Date "2022.02.08"]
[WhiteClock "0:00:12"]
[BlackClock "0:00:31"]

1. d4 Nf6 2. c4 g6 3. Nc3 d5 4. cxd5 Nxd5 5. e4 Nxc3 6. bxc3 Bg7 7. Nf3 c5 8. Be3 Qa5 9. Qd2 O-O 10. Rc1 Nd7 11. Be2 e5 12. d5 f5 13. exf5 gxf5 14. Bh6 e4 15. Bxg7 Kxg7 16. Ng5 Ne5 17. Qf4 Qc7 18. Qh4 h6 19. Ne6+ Bxe6 20. dxe6 Rae8 21. Qg3+ Kh7 22. O-O Rg8 23. Qh3 Rg5 24. f4 exf3 25. Bxf3 Rxe6 26. Bd5 Rf6 27. Rce1 b6 28. c4 f4 29. Re2 Kg7 30. Ref2 Ng4 31. Rf3 Ne3 32. R1f2 h5 33. Qh4 Nxd5 34. Qxg5+ 1-0


[Site "https://www.chess.com"]

[Event "Early Titled Tuesday Blitz | February 8 2022"]
[White "Triapishko, Alexandr"]
[Black "Araujo Filho, Luiz Antonio Coel"]
[WhiteFideId "14122286"]
[BlackFideId "2130661"]
[WhiteElo "2479"]
[BlackElo "2253"]
[Result "1-0"]
[Round "09"]
[TimeControl "180+1"]
[Date "2022.02.08"]
[WhiteClock "0:00:44"]
[BlackClock "0:00:03"]

1. d4 f5 2. c4 Nf6 3. Nc3 g6 4. Nf3 Bg7 5. g3 O-O 6. Bg2 d6 7. O-O Nc6 8. d5 Na5 9. Nd2 c5 10. Qc2 a6 11. a4 Bd7 12. Ra3 Rb8 13. Re1 b5 14. axb5 axb5 15. cxb5 Bxb5 16. e4 f4 17. Nb3 Nc4 18. Nxb5 Nxa3 19. Nxa3 fxg3 20. hxg3 Qb6 21. Nd2 Ng4 22. Ndc4 Qb4 23. Bd2 Qb3 24. Re2 Bxb2 25. Bh3 Rxf2 26. Qxb3 Rxb3 27. Rxf2 Nxf2 28. Be6+ Kg7 29. Kxf2 Bxa3 30. Bg5 Rb7 31. Nxa3 h6 32. Bc1 Kf6 33. Nc4 Rb4 34. Ne3 Ke5 35. Kf3 g5 36. Bd2 Rb2 37. Bc3# 1-0


[Site "https://www.chess.com"]

[Event "Early Titled Tuesday Blitz | February 8 2022"]
[White "Tuleyeva-Aketayeva, Dana"]
[Black "Blokhin, Sofia"]
[WhiteFideId "13701932"]
[BlackFideId "4508190"]
[WhiteElo "1944"]
[BlackElo "1762"]
[Result "1-0"]
[Round "09"]
[TimeControl "180+1"]
[Date "2022.02.08"]
[WhiteClock "0:00:04"]
[BlackClock "0:00:01"]

1. d4 f5 2. Nf3 e6 3. g3 Nf6 4. Bg2 Be7 5. O-O O-O 6. c3 d5 7. Nbd2 b6 8. c4 Bb7 9. Ne5 Nbd7 10. Ndf3 Ne4 11. Nxd7 Qxd7 12. Ne5 Qd8 13. f3 Nf6 14. Qa4 c5 15. cxd5 Nxd5 16. Nc6 Qe8 17. Nxe7+ Qxe7 18. Kh1 f4 19. dxc5 fxg3 20. hxg3 Qxc5 21. Qg4 Bc8 22. Bh6 Rf7 23. Rac1 Qf8 24. Bd2 e5 25. Qc4 Be6 26. Qc6 Rf6 27. f4 Bf7 28. Qc2 Rh6+ 29. Kg1 exf4 30. Bxf4 Rh5 31. Qc6 Rd8 32. Bf3 Rf5 33. e4 Rf6 34. Qc2 Nxf4 35. gxf4 Rg6+ 36. Kf2 Qb4 37. Qc3 Rd2+ 38. Be2 Rg2+ 39. Kxg2 Rxe2+ 40. Kg1 Qxe4 41. Qf3 Qg6+ 42. Kh1 1-0


[Site "https://www.chess.com"]

[Event "Early Titled Tuesday Blitz | February 8 2022"]
[White "Urazayev, Arystanbek"]
[Black "Nazari, Arad"]
[WhiteFideId "13709810"]
[BlackFideId "12577324"]
[WhiteElo "2321"]
[BlackElo "2120"]
[Result "1-0"]
[Round "09"]
[TimeControl "180+1"]
[Date "2022.02.08"]
[WhiteClock "0:01:02"]
[BlackClock "0:00:14"]

1. e4 c5 2. Nf3 d6 3. d4 cxd4 4. Nxd4 Nf6 5. Nc3 a6 6. Rg1 e5 7. Nb3 h5 8. h3 Be6 9. g4 hxg4 10. hxg4 Be7 11. g5 Nfd7 12. g6 f6 13. Be3 Nc6 14. Nd5 Nc5 15. Bc4 b5 16. Nxc5 dxc5 17. Nxf6+ Bxf6 18. Bxe6 Qxd1+ 19. Rxd1 Nd4 20. Bf7+ Ke7 21. Kf1 Rac8 22. c3 Nf3 23. Rg3 Rh1+ 24. Ke2 Rxd1 25. Kxd1 Nh4 26. Ke2 Kd6 27. Rg1 Kc6 28. Rd1 Be7 29. Rg1 Rd8 30. Bd5+ Kc7 31. c4 b4 32. b3 Rh8 33. Bf7 Rd8 34. Bd5 Rh8 35. f4 Bf6 36. fxe5 Bxe5 37. Bxc5 Rh6 38. Bf7 a5 39. Be3 Rh5 40. Bg5 1-0


[Site "https://www.chess.com"]

[Event "Early Titled Tuesday Blitz | February 8 2022"]
[White "Vaishali, Rameshbabu"]
[Black "Visakh N R"]
[WhiteFideId "5091756"]
[BlackFideId "25012223"]
[WhiteElo "2343"]
[BlackElo "2454"]
[Result "0-1"]
[Round "09"]
[TimeControl "180+1"]
[Date "2022.02.08"]
[WhiteClock "0:00:01"]
[BlackClock "0:00:24"]

1. d4 Nf6 2. c4 c5 3. d5 e6 4. Nf3 exd5 5. cxd5 d6 6. a4 g6 7. Ra3 Bg7 8. Re3+ Kf8 9. Ra3 Na6 10. Nc3 h6 11. h4 Kg8 12. Bf4 Bf5 13. e3 Nb4 14. Bc4 Nc2+ 15. Kf1 Nxa3 16. bxa3 Nh5 17. Ne2 Qf6 18. Ng3 Nxf4 19. exf4 Re8 20. Kg1 Bg4 21. Qd2 Qc3 22. Qxc3 Bxc3 23. h5 Kg7 24. Kh2 gxh5 25. Rb1 b6 26. Nh4 Re1 27. Rb3 Bd2 28. f3 Bd7 29. Ne4 Bxf4+ 30. g3 Be5 31. Kg2 f5 32. Nf2 Bxa4 33. Rd3 Bd7 34. Rd2 Bf6 35. Nd3 Ra1 36. Nf4 Bxh4 37. gxh4 Rxa3 38. Nxh5+ Kf7 39. Nf4 b5 40. Be2 c4 41. Rc2 c3 42. Nd3 a5 43. f4 b4 44. Bh5+ Kf6 45. Kf3 b3 46. Rg2 b2 47. Rg6+ Ke7 48. Rg7+ Kd8 49. Rg1 c2 0-1


[Site "https://www.chess.com"]

[Event "Early Titled Tuesday Blitz | February 8 2022"]
[White "Vakhlamov, Igor L."]
[Black "Demchenko, Anton"]
[WhiteFideId "24126748"]
[BlackFideId "4160258"]
[WhiteElo "2401"]
[BlackElo "2539"]
[Result "0-1"]
[Round "09"]
[TimeControl "180+1"]
[Date "2022.02.08"]
[WhiteClock "0:00:46"]
[BlackClock "0:00:12"]

1. e4 e5 2. Nf3 Nc6 3. Nc3 Nf6 4. Bb5 Nd4 5. Bc4 c6 6. Nxe5 d5 7. exd5 Bd6 8. f4 cxd5 9. Bb3 Bxe5 10. fxe5 Bg4 11. exf6 Bxd1 12. fxg7 Rg8 13. Kxd1 Nxb3 14. axb3 Rxg7 15. d3 Rxg2 16. Bh6 Qh4 17. Re1+ Kd7 18. Bd2 Qxh2 19. Be3 Re8 20. Ra5 Rxe3 21. Rxd5+ Kc6 22. Rxe3 Rd2+ 23. Kc1 Rxc2+ 24. Kb1 Rxb2+ 25. Ka1 Rxb3 26. Re2 Qh1+ 27. Ka2 Rxc3 28. Rd8 Kb6 29. Rb2+ Ka6 30. Rd4 b6 31. Ra4+ Kb7 32. Rd4 Qc6 33. Rf2 Rc2+ 34. Rxc2 Qxc2+ 35. Ka1 Qc3+ 36. Ka2 Qxd4 37. Kb3 h5 38. Kc2 h4 39. Kb3 h3 40. Ka3 f5 41. Kb3 a5 42. Ka3 b5 43. Kb3 f4 44. Ka3 f3 45. Kb3 h2 46. Ka3 f2 47. Kb3 Kb6 48. Ka3 Qb4+ 49. Ka2 a4 50. d4 Qxd4 51. Ka3 Qd6+ 52. Ka2 b4 53. Kb2 Ka5 54. Kc2 h1=Q 55. Kb2 f1=Q 56. Kc2 b3+ 57. Kb2 a3+ 58. Kc3 Qff3+ 59. Kc4 Qd2 60. Kc5 b2 61. Kc4 a2 62. Kc5 a1=Q 63. Kc4 b1=Q 64. Kc5 Ka4 65. Kc4 Ka3 66. Kc5 Kb2 67. Kc4 Kc1 68. Kc5 Kd1 69. Kc4 Qfg2 70. Kc5 Qhh2 71. Kc4 Qbb2 72. Kc5 Qaa3+ 73. Kc4 Qaa8 74. Kc5 Ke1 75. Kc4 Kf1 76. Kc5 Kg1 77. Kc4 Kh1 78. Kc5 Qhb8 79. Kc4 Qgf3 80. Kc5 Qg5+ 81. Kc4 Qa4# 0-1


[Site "https://www.chess.com"]

[Event "Early Titled Tuesday Blitz | February 8 2022"]
[White "Vifleemskaia, Svetlana"]
[Black "Shton, Roman"]
[WhiteFideId "4129490"]
[BlackFideId "14137461"]
[WhiteElo "1901"]
[BlackElo "2038"]
[Result "0-1"]
[Round "09"]
[TimeControl "180+1"]
[Date "2022.02.08"]
[WhiteClock "0:00:43"]
[BlackClock "0:01:19"]

1. d4 d5 2. c4 e6 3. Nc3 Bb4 4. Nf3 Nf6 5. cxd5 exd5 6. Bg5 Qd6 7. e3 c6 8. Bf4 Qe7 9. Bd3 Bg4 10. h3 Bh5 11. g4 Bg6 12. Qc2 Ne4 13. Ne5 Nd7 14. Nxg6 hxg6 15. Ke2 Bxc3 16. bxc3 g5 17. Bxe4 gxf4 18. Bf3 fxe3 19. fxe3 Nf6 20. Rab1 b5 21. a4 a6 22. Qf5 O-O 23. g5 Ne8 24. h4 Nd6 25. Qd3 Rfe8 26. Kd2 Nc4+ 27. Kc2 Nxe3+ 28. Kb3 bxa4+ 29. Kxa4 Nc4 30. Rb3 Qc7 31. Rb4 Qa5+ 32. Kb3 Qa3+ 33. Kc2 Qa2+ 34. Kc1 Re3 35. Qb1 Qd2# 0-1


[Site "https://www.chess.com"]

[Event "Early Titled Tuesday Blitz | February 8 2022"]
[White "Vovk, Orest"]
[Black "Moskvin, Anatoly"]
[WhiteFideId "14113490"]
[BlackFideId "24199990"]
[WhiteElo "2203"]
[BlackElo "2079"]
[Result "0-1"]
[Round "09"]
[TimeControl "180+1"]
[Date "2022.02.08"]
[WhiteClock "0:02:11"]
[BlackClock "0:02:00"]

1. h4 e5 2. h5 h6 3. d4 exd4 4. Qxd4 Nf6 5. Nc3 Nc6 6. Qa4 a6 7. Be3 Bb4 8. Bd2 b5 9. Nxb5 Bxd2+ 10. Kxd2 Rb8 11. Nd4 Rb4 12. Qxb4 Nxb4 13. e3 c5 14. Nf5 Ne4+ 15. Ke2 Qf6 16. g4 Qxb2 17. Re1 Qxc2+ 18. Kf3 Bb7 19. Kf4 Nd5+ 20. Ke5 f6# 0-1


[Site "https://www.chess.com"]

[Event "Early Titled Tuesday Blitz | February 8 2022"]
[White "Vusatiuk, Vladimir"]
[Black "Gunina, Valentina"]
[WhiteFideId "14118610"]
[BlackFideId "4167570"]
[WhiteElo "2157"]
[BlackElo "2465"]
[Result "0-1"]
[Round "09"]
[TimeControl "180+1"]
[Date "2022.02.08"]
[WhiteClock "0:00:42"]
[BlackClock "0:02:49"]

1. d4 d5 2. c4 c6 3. Nf3 Nf6 4. cxd5 cxd5 5. Bf4 Nc6 6. Nc3 a6 7. e3 Bg4 8. Qb3 Na5 9. Qa4+ b5 10. Nxb5 axb5 11. Bxb5+ Bd7 12. Ne5 Nc6 13. Qb3 Nxe5 14. dxe5 Qa5+ 15. Kd1 Bxb5 16. exf6 Ba4 0-1


[Site "https://www.chess.com"]

[Event "Early Titled Tuesday Blitz | February 8 2022"]
[White "Wahedi, Ahmad Siar"]
[Black "Dew, Brian"]
[WhiteFideId "4651260"]
[BlackFideId "6000495"]
[WhiteElo "2372"]
[BlackElo "2118"]
[Result "0-1"]
[Round "09"]
[TimeControl "180+1"]
[Date "2022.02.08"]
[WhiteClock "0:00:03"]
[BlackClock "0:00:01"]

1. c4 e5 2. Nc3 Nf6 3. g3 Nc6 4. Bg2 Bb4 5. Nd5 O-O 6. Nxb4 Nxb4 7. Nf3 e4 8. Nd4 Re8 9. O-O Nc6 10. Nxc6 dxc6 11. d4 Bf5 12. h3 h6 13. Be3 Qd7 14. Kh2 Rad8 15. Qd2 c5 16. d5 b6 17. Rad1 Qe7 18. a3 Nd7 19. b4 Ne5 20. Qc3 Qf6 21. Rc1 cxb4 22. axb4 c6 23. dxc6 Qxc6 24. c5 Qb5 25. Bd4 f6 26. c6 Nxc6 27. Bxf6 Rc8 28. Bxg7 Ne5 29. Bxe5 Rxc3 30. Bxc3 Qxe2 31. Bd4 Qd3 32. Be3 Rc8 33. Rxc8+ Bxc8 34. Rc1 Ba6 35. Rc7 Qb1 36. Rxa7 Bf1 37. Bxf1 Qxf1 38. Bxb6 Qb5 39. Bc5 Qd3 0-1


[Site "https://www.chess.com"]